 Dungeon Crawl Stone Soup version 0.25.0-33-gff14898491 (webtiles) character file.

Game seed: 5237347540423230837

456 lepoulpe303 the Sneak (level 6, -2/29 HPs)
             Began as a Spriggan Enchanter on July 7, 2020.
             Slain by a bullfrog skeleton (6 damage)
             ... on level 4 of the Dungeon.
             The game lasted 00:15:13 (4933 turns).

lepoulpe303 the Sneak (Spriggan Enchanter)          Turns: 4933, Time: 00:15:14

Health: -2/29      AC:  2    Str:  4    XL:     6   Next: 77%
Magic:  12/15      EV: 19    Int: 19    God:
Gold:   258        SH:  0    Dex: 16    Spells: 4/16 levels left

rFire    . . .     SeeInvis +   a - +1 dagger
rCold    . . .     Gourm    .   (shield restricted)
rNeg     . . .     Faith    .   b - +0 robe
rPois    .         Spirit   .   (helmet restricted)
rElec    .         Reflect  .   (no cloak)
rCorr    .         Harm     .   (gloves unavailable)
MR       +....                  (boots unavailable)
Stlth    +++.......             (no amulet)
HPRegen  0.09/turn              (no ring)
MPRegen  0.14/turn              (no ring)

@: confusing touch, very quick
A: very small, unfitting armour, see invisible, herbivore, speed 3, slow
metabolism 2
a: no special abilities


You were on level 4 of the Dungeon.
You were not hungry.

You visited 1 branch of the dungeon, and saw 4 of its levels.

You collected 258 gold pieces.

Inventory:

Hand Weapons
 a - a +1 dagger (weapon)
Missiles
 n - 2 boomerangs of dispersal {=f}
 r - 12 poisoned darts (quivered)
Armour
 b - a +0 robe (worn)
Jewellery
 G - an uncursed amulet of guardian spirit {Spirit}
Wands
 u - a wand of flame (16)
Scrolls
 i - 2 scrolls of identify
 k - a scroll of blinking {unknown}
 l - a scroll of fear {unknown}
 m - a scroll of noise {unknown}
 o - a scroll of amnesia
 p - 3 scrolls of remove curse {unknown}
 s - a scroll of fog {unknown}
 t - 5 scrolls of teleportation
 v - a scroll of magic mapping {unknown}
Potions
 c - 2 potions of brilliance
 d - 3 potions of might
 f - a potion of invisibility {unknown}
 g - a potion of lignification {unknown}
 h - 2 potions of flight
 j - 2 potions of magic {unknown}
 q - a potion of degeneration {unknown}
 w - a potion of haste {unknown}
 x - a potion of stabbing {unknown}
 z - a potion of heal wounds {unknown}
Comestibles
 e - 6 rations


   Skills:
 + Level 0.6 Fighting
 * Level 2.1 Short Blades
 + Level 3.4 Dodging
 + Level 6.4 Stealth
 * Level 5.6 Spellcasting
 * Level 6.2 Hexes


You had 4 spell levels left.
You knew the following spells:

 Your Spells              Type           Power        Failure   Level  Hunger
a - Ensorcelled Hibernat  Hex/Ice        ###...       4%          2    None
b - Tukima's Dance        Hex            ####....     2%          3    ##.....
c - Confusing Touch       Hex            ####....     2%          3    ##.....
d - Dazzling Flash        Conj/Hex       ###...       10%         3    ##.....
v - Corona                Hex            ####...      1%          1    None

Your spell library contained the following spells:

 Spells                   Type           Power        Failure   Level  Hunger


Dungeon Overview and Level Annotations

Branches:
Dungeon (4/15)
 Temple: D:4-7

Altars:
Yredelemnul


Innate Abilities, Weirdness & Mutations

You are very small and have problems with some larger weapons.
You are too small for most types of armour.
You have supernaturally acute eyesight. (SInv)
You are a herbivore.
You cover ground extremely quickly.
You need to consume almost no food.


Message History

The bullfrog skeleton closely misses you.
You hit the bullfrog skeleton.
The bullfrog skeleton completely misses you.
The bullfrog skeleton misses you.
You hit the bullfrog skeleton but do no damage.
The bullfrog skeleton hits you but does no damage.
You hit the bullfrog skeleton.
The bullfrog skeleton completely misses you.
You hit the bullfrog skeleton. The bullfrog skeleton hits you.
* * * LOW HITPOINT WARNING * * *
You take 3 damage, and have 8/29 hp.
You barely miss the bullfrog skeleton. The bullfrog skeleton hits you.
* * * LOW HITPOINT WARNING * * *
You take 4 damage, and have 4/29 hp.
Your hands begin to glow red.
The bullfrog skeleton completely misses you.
You now have 12/15 mp.
You hit the bullfrog skeleton but do no damage.
The bullfrog skeleton hits you.
You die...

#.............#
#..........
#....##.##....#
##..........
#.............#
#..........#
###...........#
#...#......#
#........##<#
#...#......#
#........##.#
#...#......#
#........##.#
#...#......#
###...#####.###
#...#......#
#.#######@..#
#.>.#......#
#.#.....Z.#.#
#...########
#.#.#####.#..##...#
#.# #.# .##...# #.#
#.. .##...# #..
#### ###### ###


You could see a bullfrog skeleton.

Levels and vault maps discovered:
D:1:      evilmike_arrival_crescent, layout_loops_ring
D:2:      layout_loops_cross, first_ration, dk_yredelemnul_ordeal
D:3:      minmay_spotlight, layout_basic, small_statue_intersection,
          chequers_serial_rivers_micro_c, minmay_misc_feat_chi, uniq_terence,
          uniq_jessica, uniq_purgy
D:4:      layout_basic, eino_tiny_chamber, uniq_edmund

Notes
Turn   | Place    | Note
-------+----------+-------------------------------------------
     0 | D:1      | lepoulpe303 the Spriggan Enchanter began the quest for the
                  | Orb.
     0 | D:1      | Reached XP level 1. HP: 9/9 MP: 5/5
    21 | D:1      | Identified a +0 club
   205 | D:1      | Identified a +0 club
   273 | D:1      | Identified a +0 club
   495 | D:1      | Identified a +0 club
   529 | D:1      | Identified a scroll of teleportation
   530 | D:1      | Identified a scroll of amnesia
   540 | D:1      | Reached skill level 3 in Spellcasting
   560 | D:1      | Reached XP level 2. HP: 10/13 MP: 7/7
   598 | D:1      | HP: 2/13 [frilled lizard (3)]
   941 | D:1      | Identified a +0 whip
   980 | D:1      | Learned a level 2 spell: Ensorcelled Hibernation
  1176 | D:1      | Identified a +0 club
  1178 | D:1      | Reached skill level 4 in Hexes
  1466 | D:2      | Reached XP level 3. HP: 15/16 MP: 5/9
  1471 | D:2      | Learned a level 3 spell: Confusing Touch
  1480 | D:2      | Identified a +0 dagger
  1536 | D:2      | Reached skill level 5 in Stealth
  1541 | D:2      | Learned a level 3 spell: Tukima's Dance
  1587 | D:2      | Found a runed translucent door.
  1587 | D:2      | Noticed a human
  1600 | D:2      | Found a basalt altar of Yredelemnul.
  1786 | D:2      | Reached skill level 4 in Spellcasting
  1815 | D:2      | Identified a +0 hunting sling
  1826 | D:2      | Reached XP level 4. HP: 14/21 MP: 11/11
  2146 | D:2      | Identified a +0 dagger
  2156 | D:2      | Identified a +0 dagger
  2509 | D:3      | Identified a +0 whip
  2520 | D:3      | Identified a +0 club
  2554 | D:3      | Identified a +0 dagger
  2732 | D:3      | Identified a +0 dagger
  2767 | D:3      | Identified a +0 mace
  2808 | D:3      | Identified a +0 hand axe
  2808 | D:3      | Identified a +0 scale mail
  2808 | D:3      | Noticed Terence
  2836 | D:3      | Killed Terence
  2836 | D:3      | Reached skill level 5 in Hexes
  3197 | D:3      | Identified a +0 club
  3210 | D:3      | Noticed Purgy
  3210 | D:3      | Identified a +0 dagger
  3229 | D:3      | Identified 6 scrolls of identify
  3229 | D:3      | Identified an amulet of guardian spirit (You found it on
                  | level 1 of the Dungeon)
  3230 | D:3      | Identified 3 potions of might
  3231 | D:3      | Identified 2 potions of brilliance
  3232 | D:3      | Identified 2 potions of flight
  3318 | D:3      | Killed Purgy
  3318 | D:3      | Reached skill level 5 in Spellcasting
  3318 | D:3      | Reached XP level 5. HP: 11/24 MP: 5/13
  3323 | D:3      | Reached skill level 6 in Stealth
  3649 | D:3      | Identified a +0 dagger
  3649 | D:3      | Identified a +0 robe
  3649 | D:3      | Noticed Jessica
  3649 | D:3      | Identified a +0 dagger
  3685 | D:3      | Killed Jessica
  3773 | D:3      | Identified a +0 short sword
  3877 | D:3      | Reached XP level 6. HP: 21/28 MP: 14/14
  3950 | D:3      | Learned a level 3 spell: Dazzling Flash
  4068 | D:4      | Identified a +0 dagger
  4068 | D:4      | Identified a +0 ring mail
  4070 | D:4      | Identified a +0 dagger
  4130 | D:4      | Identified a +1 flail of protection
  4130 | D:4      | Identified a +0 chain mail
  4130 | D:4      | Noticed Edmund
  4248 | D:4      | Killed Edmund
  4248 | D:4      | Reached skill level 6 in Hexes
  4522 | D:4      | Reached skill level 2 in Short Blades
  4928 | D:4      | HP: 4/29 [bullfrog skeleton (4)]
  4933 | D:4      | Slain by a bullfrog skeleton

Table legend:
 A = Turns spent in this place as a percentage of turns spent in the entire game.
 B = Non-inter-level travel turns spent in this place as a percentage of non-inter-level travel turns spent in the entire game.
 C = Inter-level travel turns spent in this place as a percentage of turns spent in this place.
 D = Turns resting spent in this place as a percentage of non-inter-level travel turns spent in this place.
 E = Turns spent auto-exploring this place as a percentage of non-inter-level travel turns spent in this place.
 F = Non-inter-level travel turns spent in this place divided by the number of levels of this place that you've seen.
                   A       B       C       D       E      F
               +-------+-------+-------+-------+-------+----------------------
         Total | 100.0 | 100.0 |   1.5 |  29.8 |  43.6 | 1215.0
       Dungeon | 100.0 | 100.0 |   1.5 |  29.8 |  43.6 | 1215.0
               +-------+-------+-------+-------+-------+----------------------

Table legend:
 A = Kills in this place as a percentage of kills in entire the game.
 B = Kills by you in this place as a percentage of kills by you in the entire game.
 C = Kills by friends in this place as a percentage of kills by friends in the entire game.
 D = Other kills in this place as a percentage of other kills in the entire game.
 E = Experience gained in this place as a percentage of experience gained in the entire game.
 F = Experience gained in this place divided by the number of levels of this place that you have seen.
                   A       B       C       D       E      F
               +-------+-------+-------+-------+-------+----------------------
         Total | 100.0 | 100.0 |   N/A |   N/A | 100.0 | 163.0
       Dungeon | 100.0 | 100.0 |   N/A |   N/A | 100.0 | 163.0
               +-------+-------+-------+-------+-------+----------------------

Skill      XL: |  1  2  3  4  5  6 |
---------------+-------------------+-----
Spellcasting   | 3 4 5 |  5.6
Hexes          | 4 5 6 |  6.2
Stealth        | 5 6 |  6.4
Short Blades   | 2 |  2.1
Fighting       | |  0.6
Dodging        | |  3.4

Action                   |  1- 3 |  4- 6 || total
-------------------------+-------+-------++-------
Melee: Dagger            |   100 |   216 ||   316
Throw: Dart              |       |    46 ||    46
 Cast: Corona            |     5 |     2 ||     7
       Ensorcelled Hiber |     4 |    10 ||    14
       Confusing Touch   |       |     2 ||     2
  Use: Scroll            |     2 |     4 ||     6
 Stab: Sleeping          |    13 |    16 ||    29
       Distracted        |       |     1 ||     1
  Eat: Ration            |       |     1 ||     1
Armor: Robe              |     5 |    15 ||    20
Dodge: Dodged            |    63 |   173 ||   236

Vanquished Creatures
  Edmund (D:4)
  Purgy (D:3)
  A hound (D:4)
  Jessica (D:3)
  A worker ant (D:4)
  Terence (D:3)
  A hound skeleton (D:3)
  A gnoll (D:1)
  4 adders
  An ooze (D:2)
  An adder skeleton (D:4)
  3 dart slugs
  3 leopard geckos (D:4)
  5 orcs
  2 giant cockroaches
  10 goblins
  9 hobgoblins
  7 kobolds
  A quokka (D:3)
  2 bats
  7 frilled lizards
  A kobold skeleton (D:2)
  A kobold zombie (D:2)
  8 rats
73 creatures vanquished.
